 Dungeon Crawl Stone Soup version 0.17.0-9-g801d43b (webtiles) character file.

64 HaroldButt the Insei (level 3, -5/27 HPs)
             Began as a Demigod Transmuter on Nov 10, 2015.
             Slain by Natasha (8 damage)
             ... on level 2 of the Dungeon.
             The game lasted 00:03:48 (1574 turns).

HaroldButt the Insei (Demigod Transmuter)           Turns: 1574, Time: 00:03:48

Health: -5/27      AC:  5    Str: 13    XL:     3   Next: 64%
Magic:  8/8        EV: 11    Int: 17    God:
Gold:   119        SH:  0    Dex: 18    Spells: 2 memorised, 2 levels left

rFire  . . .     SeeInvis +       - Unarmed
rCold  . . .     Clarity  .     g - +0 ring mail
rNeg   . . .     SustAt   +     (no shield)
rPois  .         Gourm    .     (no helmet)
rElec  .         Spirit   .     (no cloak)
rCorr  .         Warding  .     (no gloves)
rMut   .         Stasis   .     (no boots)
MR     .....                    (no amulet)
Stlth  +.........               (no ring)
                                j - ring of see invisible

@: slowed, very slow, not resistant to hostile enchantments, very unstealthy
A: high mp 1, sustain attributes
a: no special abilities


You were on level 2 of the Dungeon.
You were not hungry.

You visited 1 branch of the dungeon, and saw 2 of its levels.

You collected 119 gold pieces.

Inventory:

Missiles
 a - 53 arrows
Armour
 b - a +0 robe
 g - a +0 ring mail (worn)
Jewellery
 j - a ring of see invisible (left hand)
Scrolls
 e - 3 scrolls of identify {unknown}
 f - a scroll of enchant armour {unknown}
 k - a scroll of immolation {unknown}
 l - a scroll of recharging {unknown}
 o - a scroll of magic mapping {unknown}
 p - a scroll of amnesia {unknown}
 q - a scroll of remove curse {unknown}
Potions
 h - a potion of resistance {unknown}
 i - 2 potions of curing {unknown}
 m - a potion of lignification {unknown}
Books
 c - a book of Changes

   Spells                             Type                      Level
   a - Beastly Appendage              Transmutation                1
   b - Sticks to Snakes               Transmutation                2
   c - Spider Form                    Transmutation/Poison         3
   d - Ice Form                       Ice/Transmutation            4
   e - Blade Hands                    Transmutation                5
Comestibles
 d - 2 bread rations
 n - a royal jelly


   Skills:
 - Level 0.8 Fighting
 - Level 1.7 Dodging
 + Level 4.4 Unarmed Combat
 - Level 1.7 Spellcasting
 - Level 1.7 Transmutations


You had 2 spell levels left.
You knew the following spells:

 Your Spells              Type           Power        Failure   Level  Hunger
a - Beastly Appendage     Trmt           #.....       24%         1    #......
b - Sticks to Snakes      Trmt           #.........   34%         2    ###....


Dungeon Overview and Level Annotations

Branches:
Dungeon (2/15)

Annotations:
D:2 Natasha


Innate Abilities, Weirdness & Mutations

You have an increased reservoir of magic (+10% MP).
Your attributes are resistant to harm.


Message History

You hit Natasha but do no damage.
Natasha is heavily wounded.
Natasha stares at you and mumbles some strange words.
The magic dart hits you!
* * * LOW HITPOINT WARNING * * *
Natasha casts a spell at thin air.
A cloud of flames roars to life!
You hit Natasha.
Natasha is severely wounded.
Natasha barely misses you.
You hit Natasha but do no damage.
Natasha is severely wounded.
The crimson imp grins evilly.
Natasha stares at you and mumbles some strange words.
You feel as though you will be slow longer.
You hit Natasha.
Natasha is almost dead.
Natasha hisses.
Natasha claws you!
You die...

# g..#######
g........#### #
...........5## .##
####.#.."###h##...##
#....## ##@.....#
##.#.# #.#...##
#...# #ยง# .## ##.#!
.## # #. # # #.


You could see Natasha and a crimson imp.

Vanquished Creatures
  2 adders (D:2)
  2 oozes (D:1)
  6 bats
  3 giant cockroaches (D:1)
  5 goblins
  2 hobgoblins (D:1)
  6 jackals (D:1)
  7 kobolds
  A quokka (D:2)
  2 giant newts (D:2)
  3 rats
39 creatures vanquished.

Notes
Turn   | Place    | Note
--------------------------------------------------------------
     0 | D:1      | HaroldButt the Demigod Transmuter began the quest for the Orb.
     0 | D:1      | Reached XP level 1. HP: 15/15 MP: 5/5
    32 | D:1      | Reached skill level 3 in Unarmed Combat
   234 | D:1      | Reached XP level 2. HP: 19/22 MP: 7/7
   624 | D:1      | Learned a level 2 spell: Sticks to Snakes
   732 | D:1      | Reached XP level 3. HP: 18/27 MP: 8/8
   962 | D:2      | Found a faded altar to an unknown god.
   979 | D:2      | Found a shattered altar of Ashenzari.
  1089 | D:2      | Reached skill level 4 in Unarmed Combat
  1551 | D:2      | Noticed Natasha
  1574 | D:2      | Slain by Natasha

Action                   || total
-------------------------++-------
Melee: Unarmed           ||   173
  Eat: Chunk             ||     2
